 Dungeon Crawl Stone Soup version 0.17-a0-1769-g54adf96 (webtiles) character file.

662 luca467 the Insei (level 7, 0/57 HPs)
             Began as a Demonspawn Monk on Sept 7, 2015.
             Slain by an orc warrior
             ... wielding a +0 battleaxe
              (23 damage)
             ... on level 5 of the Dungeon.
             The game lasted 00:28:54 (4400 turns).

luca467 the Insei (Demonspawn Monk)                 Turns: 4400, Time: 00:28:54

Health: 0/57       AC:  4    Str: 11    XL:     7   Next: 30%
Magic:  7/7        EV: 15    Int: 11    God:
Gold:   104        SH:  0    Dex: 18    Spells: 0 memorised, 6 levels left

rFire  . . .     SeeInvis .       - Unarmed
rCold  . . .     Clarity  .     a - +0 robe
rNeg   . . .     SustAt   .     (no shield)
rPois  .         Gourm    .     (no helmet)
rElec  .         Spirit   .     (no cloak)
rCorr  .         Warding  .     (no gloves)
rMut   .         Stasis   .     (no boots)
MR     .....                    (no amulet)
Stlth  ++........               (no ring)
                                (no ring)

@: drained, not resistant to hostile enchantments, unstealthy
A: claws 1, rugged brown scales 2, powered by death 2
a: no special abilities


You were on level 5 of the Dungeon.
You were not hungry.

You visited 2 branches of the dungeon, and saw 6 of its levels.

You collected 104 gold pieces.

Inventory:

Armour
 a - a +0 robe (worn)
Jewellery
 r - a +4 ring of strength {unknown}
Magical devices
 s - a wand of random effects (11)
Scrolls
 d - 2 scrolls of recharging {unknown}
 e - 2 scrolls of identify {unknown}
 f - 2 scrolls of blinking {unknown}
 g - a scroll of noise {unknown}
 h - 3 scrolls of amnesia {unknown}
 k - a scroll of fear {unknown}
 l - 2 scrolls of enchant armour {unknown}
 m - 2 scrolls of remove curse {unknown}
 q - 2 scrolls of magic mapping {unknown}
 t - a scroll of random uselessness {unknown}
 u - a scroll of enchant weapon {unknown}
 w - a scroll of fog {unknown}
Potions
 i - 2 potions of curing {unknown}
 n - 2 potions of flight {unknown}
 o - 2 potions of agility {unknown}
 p - 2 potions of invisibility {unknown}
 v - a potion of haste {unknown}
Comestibles
 b - 4 bread rations
 c - 2 fruits
 j - 3 meat rations


   Skills:
 + Level 4.9(4.4) Fighting
 + Level 4.5(4.1) Dodging
 - Level 1.7(1.3) Stealth
 * Level 6.3(5.8) Unarmed Combat


You had 6 spell levels left.
You didn't know any spells.

Dungeon Overview and Level Annotations

Branches:
Dungeon (5/15)             Temple (1/1) D:4

Altars:
Ashenzari
Cheibriados
Elyvilon
Fedhas
Kikubaaqudgha
Makhleb
Nemelex Xobeh
Okawaru
Qazlal
Ru
Trog
Vehumet
Xom
Yredelemnul
The Shining One


Innate Abilities, Weirdness & Mutations

You have sharp fingernails.
You are mostly covered in rugged brown scales (AC +2, +5% HP).
You regenerate health from kills.


Message History

The orc warrior is almost dead.
The orc priest calls upon Beogh to heal the orc warrior.
The orc warrior is healed somewhat.
The orc warrior hits you with a battleaxe!!
* * * LOW HITPOINT WARNING * * *
You closely miss the orc warrior.
The orc warrior is severely wounded.
You barely miss the orc warrior.
The orc warrior is severely wounded.
The orc warrior closely misses you.
You scratch the orc warrior.
The orc warrior is severely wounded.
The orc warrior closely misses you.
The orc priest miscasts a cantrip.
You scratch the orc warrior but do no damage.
The orc warrior is severely wounded.
You barely miss the orc warrior.
The orc warrior is severely wounded.
The orc warrior hits you with a battleaxe!!
You die...

#...............#...#.##..####††#
#.##..#.##.#........#.##.........
#.##.....#.#.#......#.##.....#..#
#.#####..#.#.#..#...#........+...
#.# #.........#...#####....###.
### ####.#...(....# #....# .
#.#.##.#########....# #
####.#.##.###....##....#
#.........@oo....##....#
#.##..#######....# ######'##..#
....# #.......##.# o...#
#.......'..# ....# #.......####
.o..# #.......#


ooo.# #.......# ##### #.......# You could see an orc warrior and an orc priest.

Vanquished Creatures
  A water moccasin zombie (D:5)
  A scorpion (D:5)
  4 wights
  A giant frog skeleton (D:4)
  4 worker ants
  6 adders
  12 gnolls (D:4)
  2 oozes (D:1)
  3 worms
  A giant gecko (D:1)
  6 orcs
  A giant cockroach (D:1)
  11 goblins
  11 hobgoblins
  2 kobolds (D:2)
  2 quokkas
  5 bats
  4 giant newts
  6 jackals
  A quokka skeleton (D:4)
  9 rats
  2 butterflies
95 creatures vanquished.

Notes
Turn   | Place    | Note
--------------------------------------------------------------
     0 | D:1      | luca467 the Demonspawn Monk began the quest for the Orb.
     0 | D:1      | Reached XP level 1. HP: 18/18 MP: 1/1
   139 | D:1      | Gained mutation: You are partially covered in rugged brown scales (AC +1, +3% HP). [demonic ancestry]
   139 | D:1      | Reached XP level 2. HP: 18/24 MP: 2/2
   263 | D:1      | Reached skill level 4 in Unarmed Combat
   873 | D:1      | Gained mutation: You regenerate a little health from kills. [demonic ancestry]
   873 | D:1      | Reached XP level 3. HP: 25/29 MP: 3/3
  1131 | D:2      | Found a basalt altar of Yredelemnul.
  1266 | D:2      | HP: 2/43 [adder (3)]
  1268 | D:2      | Gained mutation: You have sharp fingernails. [demonic ancestry]
  1268 | D:2      | Reached XP level 4. HP: 38/38 MP: 4/4
  1789 | D:2      | Found an iron altar of Okawaru.
  1799 | D:2      | Found a sparkling altar of Nemelex Xobeh.
  2100 | D:3      | Found a blossoming altar of Fedhas.
  2220 | D:3      | Found a white marble altar of Elyvilon.
  2282 | D:3      | Found a radiant altar of Vehumet.
  2780 | D:3      | Gained mutation: You regenerate health from kills. [demonic ancestry]
  2780 | D:3      | Reached XP level 5. HP: 13/43 MP: 5/5
  3075 | D:4      | Reached skill level 5 in Unarmed Combat
  3180 | D:4      | Gained mutation: You are mostly covered in rugged brown scales (AC +2, +5% HP). [demonic ancestry]
  3180 | D:4      | Reached XP level 6. HP: 43/50 MP: 6/6
  3233 | D:4      | Found a shimmering altar of Xom.
  3306 | D:4      | Found a staircase to the Ecumenical Temple.
  3832 | Temple   | Entered the Ecumenical Temple
  4004 | D:5      | Entered Level 5 of the Dungeon
  4009 | D:5      | Reached skill level 6 in Unarmed Combat
  4051 | D:5      | Reached XP level 7. HP: 24/57 MP: 7/7
  4400 | D:5      | Slain by an orc warrior

Vault maps used:
D:1:      erik_arrival_triangle_huge
D:2:      lemuel_crystal_altar, amethyst_overflow_temple_binary, first_bread,
          serial_forest, infiniplex_forest_clump_small,
          infiniplex_forest_lined_3, infiniplex_forest_clump_curved,
          infiniplex_forest_lined_corner, infiniplex_forest_clump_medium
D:3:      lemuel_doored_altar, old_standard_altar, elyvilon_altar_5
D:4:      xom_butterflies, minmay_temple_entry_junction2,
          minmay_misc_feat_enclosed
D:5:      kennysheep_mini_moat
Temple:   jpeg_temple_clearing_9

Action                   |  1- 3 |  4- 6 |  7- 9 || total
-------------------------+-------+-------+-------++-------
Melee: Unarmed           |   150 |   236 |    53 ||   439
Evoke: Wand              |       |       |     1 ||     1
  Use: Potion            |     3 |     1 |     1 ||     5
       Scroll            |       |     1 |       ||     1
 Stab: Sleeping          |     2 |     2 |       ||     4
       Distracted        |       |     1 |       ||     1
  Eat: Chunk             |     1 |     7 |       ||     8
       Bread ration      |       |     1 |       ||     1
